 Dungeon Crawl Stone Soup version 0.18.1-50-g88ac8fd (webtiles) character file.

43 gluemaker the Grasshopper (level 3, -4/29 HPs)
             Began as a Ghoul Warper on Oct 29, 2016.
             Slain by a worm (9 damage)
             ... on level 2 of the Dungeon.
             The game lasted 00:19:17 (1113 turns).

gluemaker the Grasshopper (Ghoul Warper)            Turns: 1113, Time: 00:19:18

Health: -4/29      AC:  5    Str: 15    XL:     3   Next: 58%
Magic:  5/5        EV: 11    Int:  8    God:
Gold:   52         SH:  0    Dex:  8    Spells: 1 memorised, 5 levels left

rFire  . . .     SeeInvis .     m - -2 club (curse)
rCold  + . .     Gourm    .     h - +0 ring mail
rNeg   + + +     Faith    .     (no shield)
rPois  ∞         Spirit   .     (no helmet)
rElec  .         Dismiss  .     (no cloak)
rCorr  .         Reflect  .     (no gloves)
SustAt .         Harm     .     (no boots)
MR     .....                    (no amulet)
Stlth  ..........               (no ring)
                                (no ring)

@: rotting, not resistant to hostile enchantments, extremely unstealthy
A: rotting body, claws 1, carnivore 3, cold resistance 1, negative energy
resistance 3, slow regeneration 1, torment resistance, unbreathing
a: no special abilities


You were on level 2 of the Dungeon.
You were not hungry.

You visited 1 branch of the dungeon, and saw 2 of its levels.

You collected 52 gold pieces.

Inventory:

Hand Weapons
 e - a +0 hand axe
 g - a +0 club
 m - a cursed -2 club (weapon)
 n - a +0 hunting sling
 o - a +1 short sword of venom
Missiles
 d - 3 tomahawks of dispersal (quivered)
 i - 13 arrows
 j - 17 poisoned needles
 k - 16 stones {isuanu bunuyxa}
Armour
 a - a +0 leather armour
 h - a +0 ring mail (worn)
 l - a +0 robe
Scrolls
 c - a scroll of blinking
Books
 b - a book of Spatial Translocations

   Spells                             Type                      Level
   a - Apportation                    Translocation                1
   b - Blink                          Translocation                2
   c - Shroud of Golubria             Charms/Translocation         2
   d - Portal Projectile              Translocation                3
   e - Teleport Other                 Translocation                3
   f - Passage of Golubria            Translocation                4
Comestibles
 f - 2 meat rations
 p - a chunk of flesh


   Skills:
 + Level 2.1 Fighting
 + Level 0.3 Axes
 + Level 0.8 Throwing
 + Level 1.1 Armour
 + Level 2.2 Dodging
 + Level 2.2 Unarmed Combat
 + Level 2.0 Spellcasting
 + Level 3.3 Translocations


You had 5 spell levels left.
You knew the following spells:

 Your Spells              Type           Power        Failure   Level  Hunger
a - Apportation           Tloc           #.........   21%         1    ##.....


Dungeon Overview and Level Annotations

Branches:
Dungeon (2/15)

Altars:


Innate Abilities, Weirdness & Mutations

Your body is rotting away.
You thrive on raw meat.
You are immune to poison.
You have sharp fingernails.
You are carnivorous and can eat meat at any time.
Your flesh is cold resistant.
You are immune to negative energy.
You regenerate slowly when monsters are visible.
You are immune to unholy pain and torment.
You can survive without breathing.


Message History

You hit the worm.
The worm is lightly wounded.
The worm barely misses you.
You hit the worm.
The worm is lightly wounded.
The worm bites you.
You hit the worm but do no damage.
The worm is lightly wounded.
The worm closely misses you.
You hit the worm but do no damage. You hit the worm but do no damage.
The worm bites you!
You hit the worm but do no damage. The worm closely misses you.
You barely miss the worm. The worm misses you.
You hit the worm but do no damage. The worm closely misses you.
You barely miss the worm. You barely miss the worm. The worm bites you.
* * * LOW HITPOINT WARNING * * *
You hit the worm but do no damage. The worm barely misses you.
You hit the worm but do no damage. The worm bites you!
You die...

## # # .. #.# .###.###
......###### #.#
#......#
####<###..###.#
#...........#.#######
#.#
#.#..w@.............#
#.###
#.#.####......#.###.#
.... #.#.# #.######.#
#.# #..# #.#.# #.####
#.# #.# #..# #.#.#
#..>.# #.# #.# #..#
#.#.# ####.# #.# #.#
#..########.#.# #.# #.#
#.###
..............#######.#
#.# #....
#..............<......#
#.# #....


You could see a worm.

Vanquished Creatures
  An adder (D:2)
  A dart slug (D:1)
  A giant gecko (D:2)
  2 giant cockroaches (D:1)
  2 goblins (D:2)
  3 hobgoblins (D:2)
  4 jackals (D:2)
  3 kobolds
  2 quokkas
  6 bats
  A giant newt (D:2)
  4 rats
30 creatures vanquished.

Notes
Turn   | Place    | Note
--------------------------------------------------------------
     0 | D:1      | gluemaker the Ghoul Warper began the quest for the Orb.
     0 | D:1      | Reached XP level 1. HP: 17/17 MP: 2/2
   160 | D:1      | Reached skill level 3 in Translocations
   160 | D:1      | Reached XP level 2. HP: 23/24 MP: 3/3
   562 | D:2      | Reached XP level 3. HP: 25/29 MP: 5/5
   775 | D:2      | Reached skill level 1 in Armour
  1014 | D:2      | HP: 1/29 [hobgoblin/club (1)]
  1113 | D:2      | Slain by a worm

Skill      XL: |  1  2  3 |
---------------+----------+-----
Translocations | 3 |  3.3
Dodging        | 2 |  2.2
Spellcasting   | 2 |  2.0
Armour         | 1 |  1.1
Fighting       | |  2.1
Axes           | |  0.3
Throwing       | |  0.8
Unarmed Combat | |  2.2

Action                   || total
-------------------------++-------
Melee: Unarmed           ||    18
       Hand axe          ||    62
       Club              ||   116
       Punch             ||     1
Throw: Tomahawk          ||     2
  Use: Scroll            ||     2
  Eat: Chunk             ||    14
Armor: Leather armour    ||     8
       Ring mail         ||    69
Dodge: Dodged            ||   168
